 Dungeon Crawl Stone Soup version 0.16-a0-3420-gb95a3aa (webtiles) character file.

490 Inkie the Covert (level 6, -4/24 HPs)
             Began as a Felid Enchanter on Dec 31, 2014.
             Was a Believer of Nemelex Xobeh.
             Slain by a goliath beetle (27 damage)
             ... on level 6 of the Dungeon.
             The game lasted 00:34:21 (7319 turns).

Inkie the Covert (Felid Enchanter)                  Turns: 7319, Time: 00:34:22

Health: -4/24      AC:  2    Str:  4    XL:     6   Next: 90%
Magic:  12/14      EV: 18    Int: 17    God:    Nemelex Xobeh [**....]
Gold:   196        SH:  0    Dex: 16    Spells: 3 memorised, 3 levels left
                                        Lives:  0   Deaths: 1

rFire  . . .     SeeInvis +       - Unarmed
rCold  . . .     Rnd*Rage +     (armour unavailable)
rNeg   . . .     SustAb   .     (shield unavailable)
rPois  .         Gourm    .     (helmet unavailable)
rElec  .         Spirit   .     (cloak unavailable)
rCorr  .         Warding  .     (gloves unavailable)
rMut   .         Stasis   .     (boots unavailable)
MR     .....                    (no amulet)
Stlth  +++++.....               (no ring)
                                (no ring)

@: quick, not resistant to hostile enchantments, quite stealthy
A: paw claws, no armour, no weapons or thrown items, fangs 3, horns 1, see
invisible, berserk 1, carnivore 3, speed 1, shaggy fur 2, slow metabolism 1,
weak 1
a: Renounce Religion


You were on level 6 of the Dungeon.
You worshipped Nemelex Xobeh.
Nemelex Xobeh was pleased with you.
You were not hungry.

You visited 2 branches of the dungeon, and saw 7 of its levels.

You collected 196 gold pieces.

Inventory:

Scrolls
 g - 4 scrolls of remove curse
 h - 3 scrolls of enchant weapon
 i - 2 scrolls of identify
 s - a scroll of amnesia
Potions
 b - a potion of flight
 e - a potion of ambrosia
 f - 2 potions of curing
 j - a potion of agility
 m - 2 potions of mutation
 v - a potion of berserk rage
Books
 a - a book of Cantrips

   Spells                             Type                      Level
   a - Corona                         Hexes                        1
   b - Animate Skeleton               Necromancy                   1
   c - Summon Small Mammal            Summoning                    1
   d - Apportation                    Translocation                1
 c - a book of Maledictions

   Spells                             Type                      Level
   a - Corona                         Hexes                        1
   b - Sure Blade                     Hexes/Charms                 2
   c - Ensorcelled Hibernation        Hexes/Ice                    2
   d - Confuse                        Hexes                        3
   e - Dazzling Spray                 Conjuration/Hexes            3
   f - Enslavement                    Hexes                        4
Miscellaneous
 r - a plain deck of destruction {drawn: 1}
 u - a plain deck of changes
 y - an ornate deck of war
Comestibles
 d - 3 meat rations
 k - 3 chunks of flesh
 q - 3 beef jerkies


   Skills:
 - Level 2.6 Dodging
 - Level 8.0 Stealth
 + Level 4.0 Unarmed Combat
 - Level 2.0 Spellcasting
 - Level 7.1 Hexes
 - Level 1.0 Ice Magic


You had 3 spell levels left.
You knew the following spells:

 Your Spells              Type           Power        Failure   Level  Hunger
a - Corona                Hex            ####...      1%          1    #......
c - Ensorcelled Hibernat  Hex/Ice        ###...       6%          2    ###....
f - Confuse               Hex            ####....     3%          3    ###....


Dungeon Overview and Level Annotations

Branches:
Dungeon (6/15)             Temple (1/1) D:4

Altars:
Ashenzari
Cheibriados
Dithmenos
Elyvilon
Gozag
Kikubaaqudgha
Makhleb
Nemelex Xobeh
Qazlal
Ru
Sif Muna
Trog
Vehumet
Xom
The Shining One
Jiyva

Annotations:
D:5 Dowan
D:6 SnowFan's ghost, experienced DEFE


Innate Abilities, Weirdness & Mutations

You cannot wear armour.
You are incapable of wielding weapons or throwing items.
Your paws have sharp claws.
You have razor-sharp teeth.
You have supernaturally acute eyesight.
You are carnivorous and can eat meat at any time.
You cover ground quickly.
You are covered in thick fur (AC +2).
You have a slow metabolism.
You have a pair of small horns on your head.
You tend to lose your temper in combat.
You are weak. (Str -2)


Message History

You start resting.
Your magical contamination has completely faded away.
You start resting.
Magic restored.
A goliath beetle comes into view.
You pounce on the unaware helpless goliath beetle!
You eviscerate the goliath beetle!!!
Your headbutt misses the goliath beetle.
You bite the goliath beetle, but do no damage.
The goliath beetle is almost dead.
Casting: Ensorcelled Hibernation
Confirm with . or Enter, or press ? or * to list all spells.
Aiming: Ensorcelled Hibernation
Press: ? - help, Shift-Dir - straight line, f - goliath beetle
Aim: a goliath beetle (almost dead, chance 46%)
The goliath beetle resists with some effort.
The goliath beetle bites you!!
Ouch! That really hurt!
You die...
Your body disappears without a glow.

...# ##.# #.#
##.###########
.............##
##.########.#.##
#.# ##..##.## #.#
##.#.###.## #.#
#.##..###@#
##.#####..##.##B##
......##.#.#.#.#
#.............#
#.########.#.##
#.# .#.# #.# .# #
#.# .# #.# .#


You could see a goliath beetle.

Vanquished Creatures
  A centaur (D:6)
  2 giant frogs
  A crimson imp (D:5)
  A giant frog zombie (D:5)
  A hound (D:5)
  A jelly (D:5)
  A worker ant (D:5)
  Ijyb (D:1)
  8 adders
  A shadow imp (D:6)
  3 worms
  2 giant geckos (D:1)
  2 orcs
  4 ball pythons
  13 bats
  A bat skeleton (D:4)
  A bat zombie (D:3)
  4 giant cockroaches (D:3)
  12 goblins
  8 hobgoblins
  3 quokkas
  7 giant newts
  6 jackals
  A jackal zombie (D:5)
  12 kobolds
  A quokka skeleton (D:5)
  13 rats
111 creatures vanquished.

Notes
Turn   | Place    | Note
--------------------------------------------------------------
     0 | D:1      | Inkie, the Felid Enchanter, began the quest for the Orb.
     0 | D:1      | Reached XP level 1. HP: 7/7 MP: 4/4
   118 | D:1      | Reached XP level 2. HP: 11/11 MP: 5/5
   170 | D:1      | Reached skill level 5 in Stealth
   874 | D:2      | Noticed Ijyb
  1204 | D:1      | Reached XP level 3. HP: 5/14 MP: 4/8
  1538 | D:2      | Reached skill level 6 in Stealth
  2132 | D:2      | Learned a level 2 spell: Ensorcelled Hibernation
  3460 | D:1      | Killed Ijyb
  3460 | D:1      | Reached skill level 7 in Stealth
  3460 | D:1      | Reached XP level 4. HP: 12/18 MP: 3/10
  4142 | D:3      | Reached skill level 8 in Stealth
  4142 | D:3      | Reached XP level 5. HP: 21/21 MP: 9/12
  4281 | D:3      | Noticed a sky beast
  4475 | D:3      | Reached skill level 1 in Ice Magic
  4503 | D:3      | Learned a level 3 spell: Confuse
  4548 | D:4      | Found a sparkling altar of Nemelex Xobeh.
  4553 | D:4      | Became a worshipper of Nemelex Xobeh the Trickster
  4556 | D:4      | Received a gift from Nemelex Xobeh
  4573 | D:3      | Noticed a black bear
  4573 | D:3      | a sky beast changed into a black bear
  4844 | D:4      | Found a sacrificial altar of Ru.
  5008 | D:4      | Noticed an ogre
  5011 | D:4      | Mangled by an ogre
  5012 | D:4      | Reached XP level 4. HP: -6/18 MP: 10/10
  5093 | D:4      | Reached skill level 5 in Hexes
  5229 | D:4      | Found a staircase to the Ecumenical Temple.
  5235 | Temple   | Entered the Ecumenical Temple
  5248 | Temple   | Received a gift from Nemelex Xobeh
  5668 | D:5      | Entered Level 5 of the Dungeon
  5687 | D:5      | Found a glowing golden altar of the Shining One.
  5701 | D:5      | Reached XP level 5. HP: 19/21 MP: 4/12
  5813 | D:5      | Found a shattered altar of Ashenzari.
  5813 | D:5      | Noticed an ogre
  5904 | D:5      | Found a white marble altar of Elyvilon.
  6061 | D:5      | Noticed Dowan
  6094 | D:5      | Found an opulent altar of Gozag.
  6605 | D:5      | Gained mutation: You are covered in thick fur (AC +2). [growing up]
  6605 | D:5      | Reached XP level 6. HP: 9/24 MP: 14/14
  7094 | D:5      | Gained mutation: You have a pair of small horns on your head. [potion of mutation]
  7094 | D:5      | Gained mutation: You tend to lose your temper in combat. [potion of mutation]
  7094 | D:5      | Gained mutation: You are weak. (Str -2) [potion of mutation]
  7205 | D:6      | Noticed SnowFan's ghost (experienced DEFE)
  7319 | D:6      | Slain by a goliath beetle

Action                   |  1- 3 |  4- 6 || total
-------------------------+-------+-------++-------
Melee: Unarmed           |   146 |   119 ||   265
 Cast: Corona            |    19 |       ||    19
       Ensorcelled Hiber |    14 |    40 ||    54
       Confuse           |       |     3 ||     3
Evoke: Deck              |       |     1 ||     1
  Use: Scroll            |       |    11 ||    11
       Potion            |       |     8 ||     8
 Stab: Sleeping          |    26 |    49 ||    75
       Distracted        |     2 |       ||     2
       Confused          |       |     1 ||     1
  Eat: Chunk             |     4 |     9 ||    13
